 Dungeon Crawl Stone Soup version 0.19.1-1-g22dce08 (webtiles) character file.

268 esteth the Poker (level 6, -1/44 HPs)
             Began as a Merfolk Skald on Dec 30, 2016.
             Slain by a gnoll
             ... wielding a +0 halberd
              (5 damage)
             ... on level 4 of the Dungeon.
             The game lasted 00:14:25 (4322 turns).

esteth the Poker (Merfolk Skald)                    Turns: 4322, Time: 00:14:26

Health: -1/44      AC: 10    Str: 13    XL:     6   Next: 21%
Magic:  0/9        EV: 13    Int: 13    God:
Gold:   76         SH:  0    Dex: 13    Spells: 3 memorised, 3 levels left

rFire  . . .     SeeInvis .     a - +0 spear
rCold  . . .     Gourm    +     b - +1 leather armour
rNeg   . . .     Faith    .     (no shield)
rPois  .         Spirit   .     (no helmet)
rElec  .         Reflect  .     u - +2 cloak
rCorr  .         Harm     .     l - +1 pair of gloves
MR     .....                    t - +0 pair of boots
Stlth  +.........               r - amulet of the gourmand
                                (no ring)
                                (no ring)

@: singing
A: change form in water, swift swim, stealthy swim
a: Stop Singing


You were on level 4 of the Dungeon.
You were completely stuffed.

You visited 1 branch of the dungeon, and saw 4 of its levels.

You collected 76 gold pieces.

Inventory:

Hand Weapons
 a - a +0 spear (weapon)
Armour
 b - a +1 leather armour (worn)
 l - a +1 pair of gloves (worn)
 t - a +0 pair of boots (worn)
 u - a +2 cloak (worn)
Jewellery
 r - an amulet of the gourmand (around neck)
Scrolls
 e - 2 scrolls of enchant armour
 h - 2 scrolls of identify
 i - a scroll of magic mapping
 m - 2 scrolls of amnesia
Potions
 f - a potion of berserk rage
 n - a potion of curing {unknown}
 s - a potion of lignification
Books
 c - a book of Battle

   Spells                             Type                      Level
   a - Infusion                       Charms                       1
   b - Shroud of Golubria             Charms/Translocation         2
   c - Song of Slaying                Charms                       2
   d - Spectral Weapon                Hexes/Charms                 3
   e - Regeneration                   Charms/Necromancy            3
 g - a book of Misfortune

   Spells                             Type                      Level
   a - Confusing Touch                Hexes                        1
   b - Confuse                        Hexes                        3
   c - Gell's Gravitas                Hexes/Translocation          3
   d - Petrify                        Transmutation/Earth          4
   e - Metabolic Englaciation         Hexes/Ice                    5
   f - Yara's Violent Unravelling     Hexes/Transmutation          5
Comestibles
 d - 3 bread rations
 k - 2 meat rations
 o - a slice of pizza
 p - 2 beef jerkies


   Skills:
 - Level 2.1 Fighting
 + Level 7.1 Polearms
 + Level 0.7 Armour
 - Level 3.2 Dodging
 - Level 2.0 Spellcasting
 + Level 2.5 Hexes
 - Level 3.6 Charms


You had 3 spell levels left.
You knew the following spells:

 Your Spells              Type           Power        Failure   Level  Hunger
a - Infusion              Chrm           ##..         10%         1    ##.....
b - Song of Slaying       Chrm           ##......     12%         2    ###....
c - Spectral Weapon       Hex/Chrm       #.......     28%         3    ####...


Dungeon Overview and Level Annotations

Branches:
Dungeon (4/15)
 Temple: D:4-7

Altars:
Kikubaaqudgha
Qazlal
Zin


Message History

You barely miss the gnoll.
The gnoll is severely wounded.
You are no longer magically infusing your attacks.
The gnoll hits you with a halberd!
You closely miss the gnoll.
The gnoll is severely wounded.
The gnoll hits you with a halberd of flaming.
The gnoll burns you.
You completely miss the gnoll.
The gnoll is severely wounded.
The gnoll hits you with a halberd!
* * * LOW HITPOINT WARNING * * *
The gnoll closely misses you.
Okay, then.
Okay, then.
As you read the scroll labeled YCREHO DO XEQI, it crumbles to dust.
It is a scroll of enchant armour.
Your +0 leather armour glows green for a moment.
The gnoll hits you with a halberd.
You die...

. ##### .. ##g..# ###
.# ... #@.#.# ..# ..
.... #)g#.# #.# .#
.....#..#.######.# #.#
...........#...#.# ..#
......#.####.#.#.# !..
#..##.#...g.g#.#.###.#
.............g....(!>#
##..#..........#####.#
#..#####.####.......#


You could see 2 gnolls.

Vanquished Creatures
  The ghost of loralnil the Shield-Bearer, an amateur VSFi (D:3)
  An orc wizard (D:2)
  2 gnolls (D:4)
  5 adders
  An ooze (D:2)
  3 worms (D:3)
  A dart slug (D:1)
  7 orcs
  A ball python (D:2)
  A giant cockroach (D:3)
  4 goblins (D:3)
  3 hobgoblins
  A quokka (D:2)
  11 bats
  5 frilled lizards
  8 kobolds
  4 rats
59 creatures vanquished.

Notes
Turn   | Place    | Note
-------+----------+-------------------------------------------
     0 | D:1      | esteth the Merfolk Skald began the quest for the Orb.
     0 | D:1      | Reached XP level 1. HP: 16/16 MP: 3/3
   363 | D:1      | Reached skill level 4 in Polearms
   363 | D:1      | Reached XP level 2. HP: 16/22 MP: 5/5
   840 | D:2      | Reached skill level 5 in Polearms
   840 | D:2      | Reached XP level 3. HP: 5/27 MP: 2/6
  1581 | D:2      | Reached XP level 4. HP: 31/33 MP: 7/7
  1588 | D:2      | Learned a level 2 spell: Song of Slaying
  1592 | D:2      | Learned a level 3 spell: Spectral Weapon
  1895 | D:3      | Noticed loralnil's ghost (amateur VSFi)
  1943 | D:2      | HP: 1/49 [something/puff of frost (8)]
  1955 | D:2      | Reached skill level 6 in Polearms
  1955 | D:2      | Reached skill level 1 in Hexes
  2652 | D:3      | Found a stormy altar of Qazlal.
  2989 | D:3      | Reached XP level 5. HP: 38/38 MP: 8/8
  3072 | D:3      | Found a glowing silver altar of Zin.
  3080 | D:3      | Killed loralnil's ghost
  3080 | D:3      | Reached skill level 7 in Polearms
  3088 | D:3      | Reached XP level 6. HP: 44/44 MP: 3/9
  3206 | D:3      | Found an ancient bone altar of Kikubaaqudgha.
  4322 | D:4      | Slain by a gnoll

Skill      XL: |  1  2  3  4  5  6 |
---------------+-------------------+-----
Polearms       | 4 5 6 7 |  7.1
Hexes          | 1 2 |  2.5
Dodging        | 2 3 |  3.2
Fighting       | |  2.1
Armour         | |  0.7
Spellcasting   | |  2.0
Charms         | |  3.6

Action                   |  1- 3 |  4- 6 || total
-------------------------+-------+-------++-------
Melee: Spear             |   158 |   194 ||   352
 Cast: Infusion          |     3 |    11 ||    14
       Song of Slaying   |       |     7 ||     7
  Use: Scroll            |     9 |     1 ||    10
       Potion            |       |     6 ||     6
  Eat: Chunk             |     5 |    18 ||    23
Armor: Leather armour    |    26 |    55 ||    81
       Chain mail        |    27 |       ||    27
       Skin              |       |     5 ||     5
Dodge: Dodged            |    56 |    90 ||   146
